 Dungeon Crawl Stone Soup version 0.30.1-9-gdf580d7c3d (webtiles) character file.

Game seed: 7691640052160393191

60 Zalbag the Cudgeller (level 4, 0/38 HPs)
             Began as a Meteoran Cinder Acolyte on Oct 17, 2023.
             Was a High Priest of Ignis.
             Slain by an iguana (10 damage)
             ... on level 4 of the Dungeon.
             The game lasted 00:03:48 (1533 turns).

Zalbag the Cudgeller (Meteoran Cinder Acolyte)      Turns: 1533, Time: 00:03:49

Health: 0/38       AC:  2    Str: 17    XL:     4   Next: 48%
Magic:  7/7        EV: 12    Int: 15    God:    Ignis [*****.]
Gold:   39         SH:  0    Dex: 10    Spells: 5/5 levels left

rFire   + . .        a - -1 mace (flame)
rCold   . . .        (no shield)
rNeg    . . .        b - +0 robe
rPois   .            d - +0 hat
rElec   .            (no cloak)
rCorr   .            (no gloves)
SInv    .            (no boots)
Will    .....        (no amulet)
Stlth   +            (no ring)
HPRegen 0.26/turn    (no ring)
MPRegen 0.10/turn

%: no passive effects
@: glowing
A: sense surroundings 1, otherworldly, glowing, explore regen
a: Renounce Religion, Fiery Armour, Foxfire Swarm, Rising Flame


You were on level 4 of the Dungeon.
You worshipped Ignis.
Ignis was extremely pleased with you.
You visited 1 branch of the dungeon, and saw 4 of its levels.

You collected 39 gold pieces.

Inventory:

Hand Weapons
 a - a -1 mace of flaming (weapon)
Missiles
 o - 2 boomerangs (quivered)
Armour
 b - a +0 robe (worn)
 c - a +0 ring mail
 d - a +0 hat (worn)
 e - a +0 chain mail
 p - a +0 scale mail
Jewellery
 n - a ring of resist corrosion
Wands
 s - a wand of paralysis (3)
Scrolls
 f - 2 scrolls of amnesia {unknown}
 g - a scroll of enchant armour {unknown}
 i - 2 scrolls of identify {unknown}
 q - a scroll of brand weapon {unknown}
 v - a scroll of summoning {unknown}
Potions
 h - a potion of mutation {unknown}
 j - 2 potions of curing {unknown}
 k - a potion of degeneration {unknown}
 l - a potion of might {unknown}
 m - a potion of resistance {unknown}
 r - a potion of invisibility {unknown}
 t - a potion of ambrosia {unknown}
 u - a potion of magic {unknown}


   Skills:
 - Level 3.2 Fighting
 * Level 5.7 Maces & Flails
 + Level 2.2 Dodging
 - Level 1.3 Spellcasting
 - Level 3.6 Fire Magic


You had 5 spell levels left.
You didn't know any spells.
Your spell library contained the following spells:

 Spells                   Type           Power      Damage    Failure   Level
 Scorch                   Fire           22%        2d6       9%          2
 Gell's Gravitas          Tloc           1%         N/A       56%         3
 Teleport Other           Tloc           1%         N/A       56%         3
 Dispersal                Tloc           0%         N/A       100%        6


Dungeon Overview and Level Annotations

Branches:
Dungeon (4/15) Zot: 849
 Temple: D:4-7

Altars:
Uskayaw


Innate Abilities, Weirdness & Mutations

You passively map a small area around you.
You are easily found by Zot.
You glow in the dark.
You regain HP and MP as you explore.


Message History

You kill the adder!
You feel sick.
You start waiting.
You feel sick. x2
You are no longer poisoned.
You start waiting.
An iguana comes into view.
An iguana is nearby!
There is a stone staircase leading up here.
You climb upwards.
There is a stone staircase leading down here.
You start waiting.
HP restored.
You climb downwards.
There is a stone staircase leading up here.
The iguana hisses angrily.
The iguana bites you!
You barely miss the iguana. The iguana misses you.
You hit the iguana. You burn the iguana.
The iguana is moderately wounded.
The iguana bites you!
You hit the iguana. You burn the iguana.
The iguana is moderately wounded.
The iguana closely misses you.
You closely miss the iguana.
The iguana is moderately wounded.
The iguana bites you!
You are too injured to fight recklessly!
You are too injured to fight recklessly!
You are too injured to fight recklessly!
An iguana is nearby!
You are too injured to fight recklessly!
You hit the iguana. You burn the iguana.
The iguana is heavily wounded.
The iguana bites you.
* * * LOW HITPOINT WARNING * * *
The iguana misses you.
You hit the iguana but do no damage.
The iguana is heavily wounded.
The iguana bites you!
You die...

* #.* , # #.#* #.#*
, ##.##..####.. , *
* #..#...$.... * ,
#.#........ *
.........## ,
*#.....†.### * ## ,
*,##....##...####...
* , *
#...l@............ ,
,
...................#
,
#.#.###.####.#######
, # #.#* #.###
#..**#...### * , ,
##. ###...## , + #
###.<# , , , ##.# ,
* * *#.##


You could see an iguana.

Vanquished Creatures
  2 adders
  A worm (D:2)
  2 dart slugs
  An orc (D:4)
  2 ball pythons
  An endoplasm (D:1)
  3 giant cockroaches
  5 goblins
  2 hobgoblins
  2 jackals (D:3)
  2 kobolds
  2 quokkas
  2 frilled lizards
  5 rats
32 creatures vanquished.

Notes
Turn   | Place    | Note
-------+----------+-------------------------------------------
     0 | D:1      | Zalbag the Meteoran Cinder Acolyte began the quest for the
                  | Orb.
     0 | D:1      | Reached XP level 1. HP: 19/19 MP: 3/3
   212 | D:2      | Reached XP level 2. HP: 11/26 MP: 5/5
   286 | D:2      | Reached skill level 1 in Dodging
   422 | D:2      | Reached XP level 3. HP: 31/31 MP: 6/6
   606 | D:1      | Reached skill level 5 in Maces & Flails
  1090 | D:1      | Glimpsed the power of Zot.
  1140 | D:1      | Glimpsed the power of Zot.
  1216 | D:4      | Reached XP level 4. HP: 31/38 MP: 7/7
  1239 | D:3      | Found a hide-covered altar of Uskayaw.
  1533 | D:4      | Slain by an iguana

Illustrated notes

Levels and vault maps discovered:
D:1:      dpeg_arrival_water_fire, layout_basic
D:2:      layout_loops_ring
D:3:      layout_basic, nicolae_uskayaw_dance_hall, serial_shops, shop
D:4:      kennysheep_the_goblin_king, layout_rooms,
          gammafunk_temple_overflow_statue, minmay_temple_entry_butterflies

Skill      XL: |  1  2  3  4 |
---------------+-------------+-----
Dodging        | 1 2 |  2.2
Maces & Flails | 5 |  5.7
Fighting       | |  3.2
Spellcasting   | |  1.3
Fire Magic     | |  3.6

Action                     |  1- 3 |  4- 6 || total
---------------------------+-------+-------++-------
  Melee: Mace              |    67 |    37 ||   104
         Punch             |     1 |       ||     1
 Armour: Robe              |     7 |     6 ||    13
  Dodge: Dodged            |    44 |    22 ||    66
